 Dungeon Crawl Stone Soup version 0.31-a0-145-g046c7d2549 (webtiles) character file.

Game seed: 1879695809741075352

502 juan097 the Insei (level 6, -5/43 (52) HPs)
             Began as a Draconian Transmuter on June 6, 2023.
             Slain by a wight
             ... wielding a +3 dire flail
              (7 damage)
             ... on level 4 of the Dungeon.
             The game lasted 00:06:45 (3177 turns).

juan097 the Insei (Draconian Transmuter)            Turns: 3177, Time: 00:06:45

HP:   -5/43 (52)    AC:  6    Str: 12    XL:     6   Next: 95%
MP:   7/9           EV: 13    Int: 14    God:
Gold: 192           SH:  0    Dex: 13    Spells: 6/9 levels left

rFire   + .          .
                       - Unarmed
rCold   . . .        (no shield)
rNeg    . . .        (body armour unavailable)
rPois   +            (helmet currently unavailable)
rElec   .            (no cloak)
rCorr   .            (no gloves)
SInv    .            (boots currently unavailable)
Will    .....        (no amulet)
Stlth   ++           o - ring of protection from fire
HPRegen 0.27/turn    p - ring of poison resistance
MPRegen 0.11/turn

%: no passive effects
@: appendages (expiring), wereblooded, heavily drained
A: horns 2, talons 2, AC +6, unfitting armour, cold-blooded
a: End Transformation


You were on level 4 of the Dungeon.
You had temporarily grown beastly horns and talons.
You visited 1 branch of the dungeon, and saw 4 of its levels.

You collected 192 gold pieces.

Inventory:

Hand Weapons
 d - a +4 hand axe
Missiles
 q - 8 poisoned darts
Jewellery
 o - a ring of protection from fire (left hand)
 p - a ring of poison resistance (right hand)
Wands
 h - a wand of charming (8)
 m - a wand of digging (2)
Scrolls
 b - a scroll of magic mapping {unknown}
 e - 2 scrolls of fog {unknown}
 i - a scroll of poison {unknown}
 j - a scroll of fear {unknown}
 k - a scroll of blinking {unknown}
 l - a scroll of immolation {unknown}
 n - a scroll of teleportation {unknown}
 r - a scroll of enchant armour {unknown}
 s - a scroll of identify {unknown}
Potions
 a - a potion of lignification
 c - a potion of magic {unknown}
 f - a potion of attraction {unknown}
 g - a potion of brilliance {unknown}


   Skills:
 + Level 3.7 Fighting
 + Level 3.4 Dodging
 + Level 3.1 Stealth
 + Level 4.6 Unarmed Combat
 - Level 2.0 Spellcasting
 + Level 3.0 Transmutations


You had 6 spell levels left.
You knew the following spells:

 Your Spells              Type           Power      Damage    Failure   Level
a - Beastly Appendage     Tmut           18%        N/A       7%          1
b - Wereblood             Tmut           9%         N/A       11%         2

Your spell library contained the following spells:

 Spells                   Type           Power      Damage    Failure   Level
 Slow                     Hex            4%         N/A       24%         1
 Summon Small Mammal      Summ           4%         N/A       24%         1
 Spider Form              Tmut/Pois      5%         N/A       36%         3
 Call Canine Familiar     Summ           1%         N/A       56%         3
 Confusing Touch          Hex            1%         N/A       56%         3
 Summon Guardian Golem    Hex/Summ       1%         N/A       56%         3
 Vampiric Draining        Necr           1%         2d6       56%         3
 Ice Form                 Ice/Tmut       5%         N/A       77%         4


Dungeon Overview and Level Annotations

Branches:
Dungeon (4/15)
 Temple: D:4-7

Altars:
Gozag


Innate Abilities, Weirdness & Mutations

You have temporarily grown beastly horns and talons.
Your plain brown scales are hard. (AC +6)
You cannot fit into any form of body armour.
You are cold-blooded and may be slowed by cold attacks.


Message History

You howl as the wereblood boils in your veins!
You hear a shout!
The wight hits you with a +3 scimitar.
Things that are here:
a +0 club; an orc corpse You closely miss the wight.
You claw the wight. Your punch misses the wight.
The wight is lightly damaged.
You hit the wight. Your kick misses the wight.
You headbutt the wight, but do no damage.
The wight is heavily damaged.
The wight hits you with a +3 scimitar.
You hit the wight but do no damage.
Your tail-slap misses the wight.
The wight is heavily damaged.
The wight hits you with a +3 scimitar!
You feel drained.
An orc comes into view. It is wielding a +0 club.
You barely miss the wight.
The orc shouts!
You claw the wight. You headbutt the wight!
You feel a bit better.
You destroy the wight!
Your Transmutations skill increases to level 3!
You barely miss the orc.
Your tail-slap misses the orc.
You howl as the wereblood boils in your veins!
The orc hits you with a +1 flail of venom.
You barely miss the orc. The orc closely misses you.
You hit the orc. You tail-slap the orc.
You feel a bit better.
You kill the orc!
Your transformation is almost over.
You hit the wight. You claw the wight.
The wight is moderately damaged.
The wight hits you with a +3 dire flail!
You feel drained.
You closely miss the wight. You claw the wight, but do no damage.
The wight is moderately damaged.
The wight hits you with a +3 dire flail.
You hit the wight. Your kick misses the wight.
Your tail-slap misses the wight.
The wight is heavily damaged.
The wight hits you with a +3 dire flail!
* * * LOW HITPOINT WARNING * * *
You feel drained.
You die...

#........#......###...........[..
######...#.......................
####...#.##.........#..##.#....
#............####...............
#####...........................
....#..#...........##.##.......
....#...............#.###......
.....#..#.##.##.#.#..#.###..#...
.... #..#.##.##@#...............
... +.......##z#.#.........#.##
#..#.#####o#.##.#.# #..#.#
#..#.## #.#.# .#.# #.)#.##
..#..#..####.# # #......
............#.#.##.# ###...†##
###..###........o.............
#..#⌠#.####.#.##.#####....##
#..###.# #.#.# #....##


You could see a wight and an orc.

Vanquished Creatures
  A scorpion (D:4)
  3 wights
  A jelly (D:4)
  2 hounds (D:3)
  A sleepcap (D:4)
  Jessica (D:2)
  An orc wizard (D:3)
  A gnoll (D:3)
  6 adders
  A dart slug (D:1)
  6 orcs
  4 endoplasms
  4 giant cockroaches
  2 goblins
  6 hobgoblins
  4 quokkas
  2 ball pythons
  2 bats (D:2)
  7 kobolds
  4 rats
59 creatures vanquished.

Vanquished Creatures (collateral kills)
  An adder (D:2)
1 creature vanquished.

Grand Total: 60 creatures vanquished

Notes
Turn   | Place    | Note
-------+----------+-------------------------------------------
     0 | D:1      | juan097 the Draconian Transmuter began the quest for the
                  | Orb.
     0 | D:1      | Reached XP level 1. HP: 16/16 MP: 3/3
   258 | D:1      | Reached XP level 2. HP: 22/23 MP: 3/5
   523 | D:1      | Found an opulent altar of Gozag.
   788 | D:2      | Reached skill level 1 in Stealth
   829 | D:2      | Noticed Jessica
   848 | D:2      | Killed Jessica
   849 | D:2      | Reached XP level 3. HP: 16/29 MP: 6/6
   852 | D:2      | Learned a level 2 spell: Wereblood
  1065 | D:2      | Reached XP level 4. HP: 19/36 MP: 7/7
  1446 | D:3      | Reached XP level 5. HP: 18/42 MP: 6/8
  1450 | D:3      | Reached skill level 4 in Unarmed Combat
  2479 | D:4      | Reached XP level 6. HP: 49/51 MP: 9/9
  3177 | D:4      | HP: 2/45 [wight/+3 dire flail (15)]
  3177 | D:4      | Slain by a wight

Illustrated notes

Levels and vault maps discovered:
D:1:      dpeg_arrival_water_altar, layout_rooms, chequers_serial_rivers_micro_d
D:2:      layout_rooms, kennysheep_generic_room_12, uniq_jessica
D:3:      layout_basic, minmay_misc_feat_columns, cheibrodos_gnoll_hut
D:4:      layout_basic, serial_glass, glass_columns_c, glass_columns_b,
          feat_on_display, item_on_display_a

Skill      XL: |  1  2  3  4  5  6 |
---------------+-------------------+-----
Dodging        | 2 3 |  3.4
Stealth        | 1 2 3 |  3.1
Fighting       | 2 3 |  3.7
Unarmed Combat | 4 |  4.6
Transmutations | 3 |  3.0
Spellcasting   | |  2.0

Action                     |  1- 3 |  4- 6 || total
---------------------------+-------+-------++-------
  Melee: Unarmed           |     9 |    85 ||    94
         Tailslap          |     4 |    16 ||    20
         Hand axe          |    34 |    63 ||    97
         Kick              |     1 |    27 ||    28
         Headbutt          |       |    16 ||    16
         Punch             |       |     3 ||     3
  Throw: Dart              |       |     2 ||     2
   Cast: Beastly Appendage |     8 |    12 ||    20
         Wereblood         |       |     3 ||     3
  Evoke: Wand              |     1 |       ||     1
   Stab: Sleeping          |       |     4 ||     4
 Armour: Skin              |    14 |    40 ||    54
  Dodge: Dodged            |    31 |    79 ||   110

Table legend: (Time is in decaauts)
 A = Elapsed time spent in this place.
 B = Non-inter-level travel time spent in this place.
 C = Inter-level travel time spent in this place.
 D = Time resting spent in this place.
 E = Time spent auto-exploring this place.
 F = Levels seen in this place.
 G = Mean time per level.
                   A        B        C        D        E       F      G
               +--------+--------+--------+--------+--------+-----+--------+
         Total |   3207 |   3164 |     43 |    190 |   2246 |   4 |  801.8 |
       Dungeon |   3207 |   3164 |     43 |    190 |   2246 |   4 |  801.8 |
               +--------+--------+--------+--------+--------+-----+--------+

Top non-repeatable levels by time:
     D:3: 1006 daAuts
     D:4: 960 daAuts
     D:2: 669 daAuts
     D:1: 572 daAuts
